 Dungeon Crawl Stone Soup version 0.23.2-33-g5129a83 (webtiles) character file.

Game seed: 4334678105190092392

200 CHAINSAWZ the Slasher (level 5, -4/41 HPs)
             Began as a Demigod Gladiator on Aug 9, 2019.
             Killed by nerve-wracking pain
             ... invoked by an orc priest
              (12 damage)
             ... on level 4 of the Dungeon.
             The game lasted 00:19:27 (2343 turns).

CHAINSAWZ the Slasher (Demigod Gladiator)           Turns: 2343, Time: 00:19:31

Health: -4/41      AC: 11    Str: 19    XL:     5   Next: 24%
Magic:  7/7        EV: 15    Int: 12    God:
Gold:   215        SH:  0    Dex: 17    Spells: 4/4 levels left

rFire    . . .     SeeInvis .   a - +1 long sword
rCold    . . .     Gourm    .   (no shield)
rNeg     . . .     Faith    .   e - +0 chain mail
rPois    .         Spirit   .   c - +0 helmet
rElec    .         Reflect  .   q - +0 cloak
rCorr    .         Harm     .   (no gloves)
MR       .....                  m - +0 pair of boots
Stlth    ..........             (no amulet)
HPRegen  0.13/turn              k - +6 ring of evasion
MPRegen  0.10/turn              (no ring)

@: no status effects
A: high mp 1
a: no special abilities


You were on level 4 of the Dungeon.
You were not hungry.

You visited 1 branch of the dungeon, and saw 4 of its levels.

You collected 215 gold pieces.

Inventory:

Hand Weapons
 a - a +1 long sword (weapon)
 d - a +0 hunting sling
 i - a +0 whip
 p - a +0 long sword
Missiles
 g - 51 arrows
 h - 22 bolts
 j - 137 stones (quivered)
 n - 11 poisoned needles
Armour
 b - a +0 pair of boots
 c - a +0 helmet (worn)
 e - a +0 chain mail (worn)
 m - a +0 pair of boots (worn)
 q - a +0 cloak (worn)
Jewellery
 k - a +6 ring of evasion (left hand)
Potions
 l - a potion of curing
Comestibles
 f - 2 rations


   Skills:
 + Level 2.2 Fighting
 + Level 4.3 Long Blades
 + Level 0.1 Maces & Flails
 + Level 2.4 Throwing
 + Level 1.7 Armour
 + Level 3.2 Dodging


You had 4 spell levels left.
You didn't know any spells.
Your spell library was empty.

Dungeon Overview and Level Annotations

Branches:
Dungeon (4/15)
 Temple: D:4-7

Annotations:
D:3 Terence


Innate Abilities, Weirdness & Mutations

You have an increased reservoir of magic. (+10% MP)


Message History

Your chain mail prevents you from hitting the orc priest.
You hit the orc priest.
The orc priest is moderately wounded.
The orc priest invokes the aid of Beogh against you.
Beogh smites you!
You closely miss the orc priest.
The orc priest is moderately wounded.
The orc priest mumbles some strange prayers to Beogh against you.
Beogh smites you!
* * * LOW HITPOINT WARNING * * *
You hit the orc priest.
The orc priest is severely wounded.
The orc priest hits you but does no damage.
You closely miss the orc priest.
The orc priest is severely wounded.
The orc priest calls upon Beogh to heal the orc priest.
The orc priest is healed somewhat.
The orc priest calls down the wrath of Beogh upon you.
Pain shoots through your body!
You die...

.........(..
#......(.# .
.......#### ..#
#.(....... >... #..#
.....##O.#
#..#...)..ooo#
........##o## #......
##@# ###..#..###..#
............##
#..........#
#>.........##
#......†....########.
#....†.......#.......
#....................
#...........#<.......


You could see an ogre, 2 orc priests and 2 orcs.

Vanquished Creatures
  A hound (D:3)
  An iguana (D:2)
  A worker ant (D:4)
  2 adders
  3 gnolls (D:2)
  An ooze (D:2)
  A worm (D:3)
  2 dart slugs (D:1)
  2 orcs
  A ball python (D:3)
  5 bats
  5 giant cockroaches
  7 goblins
  8 hobgoblins
  5 jackals
  A quokka (D:4)
  2 frilled lizards (D:3)
  7 kobolds
  5 rats
60 creatures vanquished.

Notes
Turn   | Place    | Note
-------+----------+-------------------------------------------
     0 | D:1      | CHAINSAWZ the Demigod Gladiator began the quest for the
                  | Orb.
     0 | D:1      | Reached XP level 1. HP: 17/17 MP: 3/3
   277 | D:1      | Reached skill level 3 in Long Blades
   315 | D:1      | Reached XP level 2. HP: 24/24 MP: 4/4
   795 | D:2      | Reached XP level 3. HP: 11/29 MP: 5/5
  1062 | D:2      | Reached skill level 1 in Armour
  1310 | D:2      | Reached XP level 4. HP: 29/36 MP: 6/6
  1373 | D:2      | Found an opulent altar of Gozag.
  1501 | D:2      | Found an opulent altar of Gozag.
  2074 | D:3      | Reached skill level 4 in Long Blades
  2099 | D:3      | Noticed Terence
  2168 | D:3      | Reached XP level 5. HP: 39/41 MP: 7/7
  2332 | D:4      | Noticed an ogre
  2343 | D:4      | Killed from afar by an orc priest

Skill      XL: |  1  2  3  4  5 |
---------------+----------------+-----
Long Blades    | 3 4 |  4.3
Fighting       | 2 |  2.2
Dodging        | 3 |  3.2
Armour         | 1 |  1.7
Throwing       | 2 |  2.4
Maces & Flails | |  0.1

Action                   |  1- 3 |  4- 6 || total
-------------------------+-------+-------++-------
Melee: Long sword        |   114 |    83 ||   197
       Whip              |     6 |     3 ||     9
Throw: Stone             |       |    51 ||    51
       Throwing net      |       |     5 ||     5
  Use: Scroll            |     3 |     5 ||     8
       Potion            |     2 |     1 ||     3
  Eat: Ration            |     1 |     1 ||     2
Armor: Chain mail        |    54 |    35 ||    89
       Leather armour    |     4 |       ||     4
       Skin              |       |    15 ||    15
Dodge: Dodged            |    68 |    96 ||   164
       Rpst.: Long sword |    21 |    33 ||    54
